[Event "ICC tourney 2109 (75 10)"]
[Site "Internet Chess Club"]
[Date "2020.11.08"]
[Round "6"]
[White "TheSuperKing"]
[Black "kwen2008"]
[Result "0-1"]
[ICCResult "White resigns"]
[WhiteElo "1714"]
[BlackElo "1729"]
[Opening "Ruy Lopez: 5.O-O"]
[ECO "C78"]
[NIC "RL.12"]
[Time "14:32:01"]
[PlyCount "62"]
[TimeControl "4500+10"]

1. e4 e5 2. Nf3 Nc6 3. Bb5 a6 4. Ba4 Nf6 5. O-O b5 6. Bb3 Bc5 7. Nxe5 Nxe5
8. d4 Bxd4 9. Qxd4 d6 10. c3 O-O 11. f4 Nc6 12. Qd3 Bb7 13. Bc2 b4 14. Be3
bxc3 15. bxc3 a5 16. Nd2 Ba6 17. c4 Nb4 18. Qc3 Nxc2 19. Qxc2 Re8 20. Rf3
Bb7 21. Rg3 Bxe4 22. Nxe4 Nxe4 23. Rh3 Qf6 24. Rd1 Qg6 25. Rd4 Ng5 26. Qxg6
Nxh3+ 27. gxh3 fxg6 28. Kf2 Rab8 29. Rd2 Rb4 30. Rc2 Re4 31. Kf3 Rexc4 {
White resigns } 0-1

[Event "ICC tourney 2109 (75 10)"]
[Site "Internet Chess Club"]
[Date "2020.11.08"]
[Round "6"]
[White "playerlucky"]
[Black "Niteshc"]
[Result "1/2-1/2"]
[ICCResult "Game drawn by mutual agreement"]
[WhiteElo "1820"]
[BlackElo "1638"]
[Opening "King's Indian, 3.Nf3"]
[ECO "E61"]
[NIC "QP.06"]
[Time "14:32:08"]
[PlyCount "44"]
[TimeControl "4500+10"]

1. d4 Nf6 2. Nf3 g6 3. c4 Bg7 4. Nc3 O-O 5. Bg5 d6 6. e3 Nbd7 7. Be2 b6 8.
O-O Bb7 9. Qc2 Re8 10. Rfd1 e5 11. Rac1 Qc8 12. a3 exd4 13. Nxd4 Ne4 14.
Bh4 Nxc3 15. bxc3 Ne5 16. h3 Kh8 17. Bg3 Qd7 18. f4 Nc6 19. Bf2 f5 20. Qa2
Re7 21. Bf3 Rae8 22. Rd2 Ba8 { Game drawn by mutual agreement } 1/2-1/2

[Event "ICC tourney 2109 (75 10)"]
[Site "Internet Chess Club"]
[Date "2020.11.08"]
[Round "6"]
[White "joeandjoe56"]
[Black "Aram99"]
[Result "1-0"]
[ICCResult "Black resigns"]
[WhiteElo "1741"]
[BlackElo "1648"]
[Opening "Sicilian defense"]
[ECO "B33"]
[NIC "SI.34"]
[Time "14:32:27"]
[PlyCount "122"]
[TimeControl "4500+10"]

1. e4 c5 2. Nf3 Nc6 3. d4 cxd4 4. Nxd4 Nf6 5. Nc3 g6 6. f3 Bg7 7. Be3 O-O
8. Qd2 d5 9. O-O-O dxe4 10. Nxc6 Qxd2+ 11. Rxd2 bxc6 12. Nxe4 Bf5 13. Nxf6+
Bxf6 14. Bd3 Be6 15. b3 Rfd8 16. Rhd1 c5 17. Be4 Rxd2 18. Rxd2 Rb8 19. c4
a5 20. Kc2 Rc8 21. Bd5 Bf5+ 22. Be4 Bxe4+ 23. fxe4 Be5 24. Rd7 Bxh2 25.
Rxe7 Bg3 26. Ra7 Re8 27. Kd3 Be1 28. Bxc5 Rd8+ 29. Ke2 Bc3 30. Be3 Re8 31.
Kd3 Bb4 32. Bb6 Re6 33. Ra8+ Kg7 34. Bd4+ Kh6 35. c5 f5 36. exf5 gxf5 37.
Rg8 Kh5 38. Kc4 Re2 39. a4 Rc2+ 40. Kb5 Rd2 41. c6 Rxd4 42. c7 Rd5+ 43. Kc6
Rd6+ 44. Kb7 Rd7 45. Kb6 Rd6+ 46. Kb5 Rd5+ 47. Ka6 Rd6+ 48. Kb7 Rd7 49. Kc8
Rd3 50. Rd8 Rxb3 51. Kd7 Rd3+ 52. Ke6 Rc3 53. c8=Q Rxc8 54. Rxc8 f4 55. Rg8
Kh4 56. Kf5 Bd2 57. Rg7 h5 58. Ke4 Be3 59. Kf3 Bc1 60. Rd7 Be3 61. Rd5 Bd2
{ Black resigns } 1-0

[Event "ICC tourney 2109 (75 10)"]
[Site "Internet Chess Club"]
[Date "2020.11.08"]
[Round "6"]
[White "chessmilano"]
[Black "pianoboy"]
[Result "0-1"]
[ICCResult "White resigns"]
[WhiteElo "1707"]
[BlackElo "1887"]
[Opening "Queen's pawn, Mason variation, Steinitz counter-gambit"]
[ECO "D00"]
[NIC "QP.08"]
[Time "14:32:14"]
[PlyCount "68"]
[TimeControl "4500+10"]

1. d4 d5 2. Bf4 c5 3. e3 Nc6 4. Nf3 Bf5 5. Bd3 Bxd3 6. Qxd3 Nf6 7. c3 e6 8.
Nbd2 Bd6 9. O-O O-O 10. Rfd1 Re8 11. dxc5 Bxc5 12. Ne5 Qe7 13. Nxc6 bxc6
14. b4 Bb6 15. h3 e5 16. Bh2 Rad8 17. Qc2 d4 18. Nc4 dxe3 19. Nxe3 Bxe3 20.
fxe3 Nd5 21. Re1 Qg5 22. e4 Nxb4 23. cxb4 Rd2 24. Qxd2 Qxd2 25. Rad1 Qxb4
26. Bxe5 f6 27. Bd6 Qc4 28. e5 Qxa2 29. e6 Rxe6 30. Rxe6 Qxe6 31. Bc5 a6
32. Rd8+ Kf7 33. Rd6 Qe1+ 34. Kh2 Qe5+ { White resigns } 0-1

[Event "ICC tourney 2109 (75 10)"]
[Site "Internet Chess Club"]
[Date "2020.11.08"]
[Round "6"]
[White "andrewf2009"]
[Black "Goran21"]
[Result "0-1"]
[ICCResult "White resigns"]
[WhiteElo "1714"]
[BlackElo "2052"]
[Opening "Sicilian: Najdorf"]
[ECO "B90"]
[NIC "SI.14"]
[Time "14:32:00"]
[PlyCount "96"]
[TimeControl "4500+10"]

1. e4 c5 2. Nf3 d6 3. d4 cxd4 4. Nxd4 Nf6 5. Nc3 a6 6. f3 e5 7. Nb3 h5 8.
Be3 Be6 9. Qd2 Nbd7 10. O-O-O b5 11. h4 Nb6 12. g3 g6 13. f4 Ng4 14. Bg1 b4
15. Nd5 Bxd5 16. exd5 Bh6 17. Qxb4 Rb8 18. Bxa6 O-O 19. Qe4 exf4 20. gxf4
Re8 21. Qf3 Na4 22. Kb1 Bg7 23. c3 Nc5 24. Bxc5 dxc5 25. Rhe1 Qb6 26. Bc4
Qf6 27. d6 Rxe1 28. Rxe1 Qxd6 29. f5 Qf6 30. Qe4 gxf5 31. Qf4 Ne5 32. Rg1
Rc8 33. Bb5 c4 34. Nd4 Ng4 35. Nxf5 Qb6 36. Qg5 Qxg1+ 37. Kc2 Qf2+ 38. Kc1
Qf1+ 39. Kd2 Qd3+ 40. Ke1 Qb1+ 41. Kd2 Qxb2+ 42. Kd1 Qb1+ 43. Kd2 Qd3+ 44.
Ke1 Qxc3+ 45. Kd1 Qf3+ 46. Kd2 c3+ 47. Kc2 Qxf5+ 48. Qxf5 Ne3+ { White
resigns } 0-1

[Event "ICC tourney 2109 (75 10)"]
[Site "Internet Chess Club"]
[Date "2020.11.08"]
[Round "6"]
[White "wulovechess"]
[Black "Roger436"]
[Result "0-1"]
[ICCResult "White checkmated"]
[WhiteElo "1608"]
[BlackElo "1754"]
[Opening "Sicilian: accelerated fianchetto, modern variation with Bc4"]
[ECO "B35"]
[NIC "SI.33"]
[Time "14:32:01"]
[PlyCount "146"]
[TimeControl "4500+10"]

1. e4 c5 2. Nf3 Nc6 3. d4 cxd4 4. Nxd4 g6 5. Nc3 Bg7 6. Be3 Nf6 7. Bc4 Qa5
8. O-O O-O 9. f3 d6 10. Qd2 Bd7 11. Rfd1 Rac8 12. Bb3 Nxd4 13. Bxd4 Qc7 14.
Bxf6 Bxf6 15. Nd5 Qc5+ 16. Kh1 Kg7 17. Nxf6 Kxf6 18. Qh6 Be6 19. Bxe6 fxe6
20. Qh4+ Qg5 21. Qxg5+ Kxg5 22. h3 Rxc2 23. b3 Rfc8 24. Kh2 R8c3 25. Kg3
Re2 26. h4+ Kf6 27. Re1 Rxe1 28. Rxe1 Rc2 29. a4 Rc3 30. b4 d5 31. exd5
exd5 32. Rd1 e6 33. Rd4 Rc4 34. Rxc4 dxc4 35. Kf2 Ke5 36. Ke3 a6 37. a5 Kd5
38. f4 c3 39. Kd3 c2 40. Kxc2 Kc4 41. g4 Kxb4 42. Kd3 Kxa5 43. Kd4 Kb4 44.
Ke5 a5 45. Kxe6 a4 46. f5 a3 47. f6 a2 48. f7 a1=Q 49. f8=Q+ Kb3 50. Qf3+
Kc2 51. Qe4+ Kd2 52. Qd5+ Ke3 53. Qe5+ Qxe5+ 54. Kxe5 b5 55. Kf6 b4 56. Kg7
b3 57. Kxh7 b2 58. Kxg6 b1=Q+ 59. Kh6 Kf4 60. g5 Qb7 61. g6 Qe7 62. g7
Qxh4+ 63. Kg6 Qg5+ 64. Kh7 Qh5+ 65. Kg8 Kf5 66. Kf8 Qh6 67. Ke7 Qxg7+ 68.
Kd6 Qe5+ 69. Kd7 Qe6+ 70. Kc7 Ke5 71. Kb7 Kd5 72. Ka7 Kc6 73. Ka6 Qa2# {
White checkmated } 0-1

[Event "ICC tourney 2109 (75 10)"]
[Site "Internet Chess Club"]
[Date "2020.11.08"]
[Round "6"]
[White "Vish1080"]
[Black "Goldenmaknae"]
[Result "1/2-1/2"]
[ICCResult "Game drawn by mutual agreement"]
[WhiteElo "1807"]
[BlackElo "1879"]
[Opening "Réti opening"]
[ECO "A11"]
[NIC "QP.09"]
[Time "14:32:08"]
[PlyCount "78"]
[TimeControl "4500+10"]

1. Nf3 d5 2. c4 c6 3. e3 Nf6 4. Nc3 g6 5. d4 Bg7 6. Be2 O-O 7. O-O Bf5 8.
b3 Nbd7 9. Bb2 Rc8 10. Ne5 Ne4 11. Nxe4 Bxe4 12. Nxd7 Qxd7 13. Bd3 Bxd3 14.
Qxd3 f5 15. cxd5 cxd5 16. Rac1 a6 17. Qd2 Rxc1 18. Rxc1 Rc8 19. Rxc8+ Qxc8
20. Qc3 Qxc3 21. Bxc3 Kf7 22. f4 Bf8 23. Bb4 h6 24. Kf2 g5 25. g3 g4 26.
Bc5 Ke6 27. a4 Kd7 28. Ba3 Bg7 29. Bc5 Bf6 30. Ba3 Kc6 31. Bc5 h5 32. Ba3
Kb6 33. Bb4 e6 34. Ke2 Bd8 35. Kd3 Kc6 36. Ke2 Bc7 37. Kd3 Bd8 38. Ke2 a5
39. Bc5 b6 { Game drawn by mutual agreement } 1/2-1/2

[Event "ICC tourney 2109 (75 10)"]
[Site "Internet Chess Club"]
[Date "2020.11.08"]
[Round "6"]
[White "bg26723"]
[Black "Mapking1"]
[Result "0-1"]
[ICCResult "White resigns"]
[WhiteElo "1893"]
[BlackElo "1820"]
[Opening "Sicilian"]
[ECO "B50"]
[NIC "SI.01"]
[Time "14:32:23"]
[PlyCount "68"]
[TimeControl "4500+10"]

1. e4 c5 2. Nf3 d6 3. c3 Nf6 4. Be2 Bd7 5. e5 dxe5 6. Nxe5 Nc6 7. d4 cxd4
8. cxd4 Nxe5 9. dxe5 Qa5+ 10. Nc3 Qxe5 11. Be3 Bc6 12. Qb3 e6 13. O-O-O Be7
14. Bd4 Qc7 15. Kb1 O-O 16. f3 Rfb8 17. h4 b5 18. Rc1 Qd7 19. Rhd1 Nd5 20.
Nxd5 Bxd5 21. Qc2 a5 22. Bd3 h6 23. Be5 Rc8 24. Qe2 b4 25. Bb5 Qb7 26.
Rxc8+ Qxc8 27. b3 Bxh4 28. Rc1 Qb7 29. Bc7 Bd8 30. Ba6 Rxa6 31. Bxd8 a4 32.
Rc7 Qa8 33. Qb5 Qxd8 34. Rd7 Qb6 { White resigns } 0-1

[Event "ICC tourney 2109 (75 10)"]
[Site "Internet Chess Club"]
[Date "2020.11.08"]
[Round "6"]
[White "chesslead"]
[Black "davika21"]
[Result "1-0"]
[ICCResult "Black resigns"]
[WhiteElo "2099"]
[BlackElo "1907"]
[Opening "Hungarian defense"]
[ECO "C50"]
[NIC "IG.03"]
[Time "14:32:07"]
[PlyCount "131"]
[TimeControl "4500+10"]

1. e4 e5 2. Nf3 Nc6 3. Bc4 Be7 4. O-O Nf6 5. d3 O-O 6. c3 d5 7. exd5 Nxd5
8. Re1 Nb6 9. Bb3 Bf6 10. Nbd2 Qxd3 11. Bc2 Qd8 12. Qe2 Re8 13. b4 a6 14.
Ne4 Bf5 15. Rd1 Qe7 16. a4 Rad8 17. Re1 h6 18. b5 Nb8 19. a5 Nd5 20. c4 Nb4
21. Ba3 c5 22. bxc6 N8xc6 23. Reb1 Nd4 24. Nxd4 exd4 25. Bxb4 Qe6 26. f3
Bxe4 27. Qxe4 d3 28. Qxe6 Rxe6 29. Bb3 Bxa1 30. Rxa1 Re2 31. Ba4 Rb2 32.
Bc3 Rc2 33. Bxc2 dxc2 34. Rf1 Rd1 35. Bb2 Rb1 36. Ba3 Rb3 37. Be7 Rb1 38.
Ba3 Rb3 39. Bc1 Rc3 40. Rf2 Rxc4 41. Rd2 Kf8 42. Kf2 Ke7 43. Ke3 Rc5 44.
Kd4 Rxa5 45. Rxc2 Rb5 46. Ba3+ Ke6 47. Rc7 Rb3 48. Re7+ Kf6 49. Re3 Rb5 50.
Be7+ Kg6 51. Re2 h5 52. Kc4 Kf5 53. Bf8 g6 54. Bd6 Kf6 55. Bc5 Kf5 56. Re7
Kf6 57. Re8 Kg7 58. g4 hxg4 59. fxg4 Rb1 60. Bd4+ Kh6 61. h4 b5+ 62. Kd5 g5
63. h5 f6 64. Bxf6 Rd1+ 65. Kc6 Rc1+ 66. Kb6 { Black resigns } 1-0

[Event "ICC tourney 2109 (75 10)"]
[Site "Internet Chess Club"]
[Date "2020.11.08"]
[Round "6"]
[White "orwind"]
[Black "poohfur"]
[Result "0-1"]
[ICCResult "White resigns"]
[WhiteElo "1607"]
[BlackElo "1721"]
[Opening "Ruy Lopez: exchange variation"]
[ECO "C68"]
[NIC "RL.08"]
[Time "14:32:03"]
[PlyCount "96"]
[TimeControl "4500+10"]

1. e4 e5 2. Nf3 Nc6 3. Bb5 a6 4. Bxc6 dxc6 5. Nxe5 Qd4 6. Nf3 Qxe4+ 7. Qe2
Qxe2+ 8. Kxe2 Bg4 9. d3 O-O-O 10. Be3 Nf6 11. Nd2 Nd5 12. h3 Bh5 13. a3 Bd6
14. Rhe1 f5 15. Bd4 Nf4+ 16. Kf1 Rhg8 17. Be3 g5 18. Nd4 Nxg2 19. Nxf5
Nxe3+ 20. Rxe3 g4 21. Nxd6+ cxd6 22. Ne4 gxh3 23. Rxh3 Bg4 24. Rxh7 Bf3 25.
Ng3 Rde8 26. Rf7 Bd5 27. Rf4 Rh8 28. c4 Be6 29. Re4 Rh2 30. Kg1 Rh6 31.
Rae1 Kd7 32. R4e3 Reh8 33. b4 d5 34. c5 d4 35. Re4 Bd5 36. Re7+ Kd8 37. f4
Rg6 38. Kf2 Rhg8 39. Rxb7 Rxg3 40. Rb8+ Kc7 41. Rxg8 Rxg8 42. Re7+ Kb8 43.
Rd7 Rg2+ 44. Kf1 Rd2 45. f5 Rxd3 46. Ke2 Rxa3 47. f6 Re3+ 48. Kd2 Rf3 {
White resigns } 0-1

[Event "ICC tourney 2109 (75 10)"]
[Site "Internet Chess Club"]
[Date "2020.11.08"]
[Round "6"]
[White "imranchamp"]
[Black "IAlwaysWin"]
[Result "1/2-1/2"]
[ICCResult "Game drawn by mutual agreement"]
[WhiteElo "1824"]
[BlackElo "1968"]
[Opening "French: Fort Knox variation"]
[ECO "C10"]
[NIC "FR.07"]
[Time "14:32:23"]
[PlyCount "133"]
[TimeControl "4500+10"]

1. e4 e6 2. d4 d5 3. Nc3 dxe4 4. Nxe4 Bd7 5. Nf3 Bc6 6. Bd3 Nd7 7. O-O Ngf6
8. Re1 Nxe4 9. Bxe4 Bxe4 10. Rxe4 Nf6 11. Re1 c5 12. c3 Be7 13. h3 O-O 14.
dxc5 Bxc5 15. Qxd8 Rfxd8 16. Be3 Bxe3 17. Rxe3 Nd5 18. Re4 Nf6 19. Rd4 Rxd4
20. Nxd4 Rd8 21. Re1 Nd7 22. Re2 Nc5 23. b3 Rd5 24. Nf3 Kf8 25. c4 Rd3 26.
Rd2 Ke7 27. Kf1 Rc3 28. Ke2 Ne4 29. Rb2 Rc1 30. Ne1 Ra1 31. Rc2 Rxa2 32.
Rxa2 Nc3+ 33. Kd3 Nxa2 34. Kc2 Nb4+ 35. Kc3 Nc6 36. Nd3 Kd6 37. b4 e5 38.
Nc5 b6 39. Ne4+ Ke7 40. Ng5 h6 41. Nf3 Ke6 42. g4 f5 43. b5 Na5 44. Nh4 f4
45. Nf5 Kf6 46. Nd6 Kg5 47. Nc8 Nb7 48. Nxa7 Nc5 49. Nc8 Na4+ 50. Kb3 e4
51. Nd6 Nc5+ 52. Kc3 Kh4 53. Kd4 Kxh3 54. Nxe4 Nb3+ 55. Kc3 Na5 56. c5 bxc5
57. Nxc5 Kxg4 58. Kb4 h5 59. Kxa5 h4 60. b6 h3 61. b7 h2 62. b8=Q h1=Q 63.
Qc8+ Kg5 64. Qd8+ Kg4 65. Qd7+ Kh4 66. Qxg7 Qe1+ 67. Kb5 { Game drawn by
mutual agreement } 1/2-1/2

[Event "ICC tourney 2109 (75 10)"]
[Site "Internet Chess Club"]
[Date "2020.11.08"]
[Round "6"]
[White "pawnpush202044"]
[Black "mikoyansuren"]
[Result "0-1"]
[ICCResult "White checkmated"]
[WhiteElo "1885"]
[BlackElo "1987"]
[Opening "English: Symmetrical, Keres defense"]
[ECO "A36"]
[NIC "EO.41"]
[Time "14:32:49"]
[PlyCount "142"]
[TimeControl "4500+10"]

1. c4 c5 2. Nc3 Nc6 3. g3 Nf6 4. Bg2 e6 5. Nf3 d5 6. cxd5 Nxd5 7. O-O Be7
8. d3 O-O 9. Bd2 b6 10. Rc1 Bb7 11. a3 Bf6 12. Qc2 Rc8 13. Ne4 Be7 14. Rfd1
Qd7 15. Qb3 Rfd8 16. e3 Nf6 17. Bc3 Nxe4 18. dxe4 Qc7 19. Qc2 b5 20. Qe2 a6
21. Nd2 b4 22. axb4 cxb4 23. Bd4 Nxd4 24. exd4 Qxc1 25. Rxc1 Rxc1+ 26. Bf1
Rxd4 27. Nb3 Rxe4 28. Qd2 Rc7 29. f4 Bf6 30. Bg2 Rec4 31. Bxb7 Rxb7 32. Na5
Rd4 33. Qc2 Rbd7 34. Nb3 Rd1+ 35. Kg2 a5 36. Qc8+ Rd8 37. Qa6 Bxb2 38. Qxa5
Bc3 39. Qb5 g6 40. Qc4 Rb1 41. Nc5 Rb8 42. Ne4 Bg7 43. Nd6 Rf8 44. Ne4 b3
45. Nd2 Rb2 46. Qd3 Rb8 47. Kh3 Rxd2 48. Qxd2 b2 49. f5 b1=Q 50. f6 Qf5+
51. Kg2 Qd5+ 52. Qxd5 exd5 53. fxg7 Kxg7 54. g4 Kf6 55. Kf3 Ke5 56. g5 Rb3+
57. Kf2 d4 58. h4 Ke4 59. h5 gxh5 60. g6 hxg6 61. Kg2 d3 62. Kf1 h4 63. Kf2
h3 64. Kg1 h2+ 65. Kf2 h1=Q 66. Kg3 Qf3+ 67. Kh4 g5+ 68. Kxg5 Rb5+ 69. Kh6
Qf6+ 70. Kh7 Rh5+ 71. Kg8 Rh8# { White checkmated } 0-1

[Event "ICC tourney 2109 (75 10)"]
[Site "Internet Chess Club"]
[Date "2020.11.08"]
[Round "6"]
[White "cdj12417489"]
[Black "goodcrowdchess"]
[Result "0-1"]
[ICCResult "White resigns"]
[WhiteElo "1256"]
[BlackElo "1681"]
[Opening "Giuoco Pianissimo: Italian four knights variation"]
[ECO "C55"]
[NIC "IG.01"]
[Time "14:32:17"]
[PlyCount "72"]
[TimeControl "4500+10"]

1. e4 e5 2. Nf3 Nc6 3. Bc4 Nf6 4. d3 Bc5 5. Nc3 d6 6. h3 Be6 7. Bb5 O-O 8.
Qe2 a6 9. Bxc6 bxc6 10. Be3 Bb4 11. Bd2 a5 12. a3 Bc5 13. Be3 Bb6 14. Bxb6
cxb6 15. O-O Qc7 16. Rad1 b5 17. Nb1 Nd7 18. Nbd2 Rae8 19. Ng5 d5 20. Qh5
h6 21. Nxe6 Rxe6 22. c3 Nc5 23. Qe2 Re7 24. Nf3 Ne6 25. exd5 Nf4 26. Qc2
cxd5 27. Rfe1 Qd6 28. Kh2 Nxd3 29. Qxd3 e4+ 30. g3 exd3 31. Rxe7 Qxe7 32.
Rxd3 Qe2 33. Kg2 Qxd3 34. g4 f5 35. Ne5 Qe4+ 36. Kf1 Qxe5 { White resigns }
0-1

[Event "ICC tourney 2109 (75 10)"]
[Site "Internet Chess Club"]
[Date "2020.11.08"]
[Round "6"]
[White "alexsaidfeghhi"]
[Black "xyzchessdude"]
[Result "1/2-1/2"]
[ICCResult "Game drawn by mutual agreement"]
[WhiteElo "1916"]
[BlackElo "2003"]
[Opening "Sicilian: Alapin's variation (2.c3)"]
[ECO "B22"]
[NIC "SI.46"]
[Time "14:31:58"]
[PlyCount "93"]
[TimeControl "4500+10"]

1. e4 c5 2. c3 d5 3. exd5 Qxd5 4. d4 Nf6 5. Nf3 e6 6. Be3 cxd4 7. cxd4 Be7
8. Nc3 Qd8 9. Bd3 Nc6 10. a3 O-O 11. O-O b6 12. b4 Bb7 13. Qb3 Rc8 14. Rfd1
Qd6 15. Rac1 Rfd8 16. Bc4 Nd5 17. Nxd5 exd5 18. Bd3 Bf6 19. Bb1 Ne7 20. Qd3
g6 21. g3 Qe6 22. Bg5 Bxg5 23. Nxg5 Qf6 24. Nf3 Rxc1 25. Rxc1 Bc8 26. Ne5
Bf5 27. Qf3 Qe6 28. Ba2 f6 29. Nd3 Be4 30. Qe2 Nf5 31. f3 Nxd4 32. Qxe4
Qxe4 33. fxe4 Ne2+ 34. Kf2 Nxc1 35. Nxc1 Kf8 36. Bxd5 Rc8 37. Ne2 Ke7 38.
Ke3 Kd6 39. h4 f5 40. Kd4 fxe4 41. Bxe4 a5 42. Nf4 axb4 43. axb4 Rc1 44.
Ke3 Rc3+ 45. Kf2 Ke5 46. Bd5 h6 47. Bf7 { Game drawn by mutual agreement }
1/2-1/2

[Event "ICC tourney 2109 (75 10)"]
[Site "Internet Chess Club"]
[Date "2020.11.08"]
[Round "6"]
[White "FL2009"]
[Black "corviknight"]
[Result "1-0"]
[ICCResult "Black checkmated"]
[WhiteElo "1858"]
[BlackElo "1795"]
[Opening "Giuoco Piano"]
[ECO "C54"]
[NIC "IG.02"]
[Time "14:32:47"]
[PlyCount "109"]
[TimeControl "4500+10"]

1. e4 e5 2. Nf3 Nc6 3. Bc4 Bc5 4. c3 Nf6 5. d4 exd4 6. e5 d5 7. Bb5 Ne4 8.
cxd4 Bb6 9. Nc3 Bf5 10. O-O a6 11. Ba4 O-O 12. Bc2 Ne7 13. Re1 Nxc3 14.
bxc3 c5 15. Bg5 Bg4 16. Qd3 g6 17. Rab1 Re8 18. dxc5 Bxc5 19. Rxb7 Bf5 20.
Qd2 Bxc2 21. Qxc2 Qc8 22. Rbb1 Nf5 23. Qd2 Qd7 24. Red1 Rab8 25. Rb3 Rxb3
26. axb3 Ne7 27. Bf6 Nf5 28. h3 Be7 29. g4 Bxf6 30. exf6 Qd6 31. gxf5 Qxf6
32. Qxd5 gxf5 33. Nd4 Kh8 34. Kh1 Qh4 35. Qxf5 Qe4+ 36. Qxe4 Rxe4 37. c4
Re8 38. c5 Rc8 39. c6 h6 40. Rc1 Kg7 41. c7 Kf6 42. b4 Ke5 43. b5 Kxd4 44.
b6 Kd5 45. b7 Rh8 46. c8=Q Rxc8 47. Rxc8 a5 48. b8=Q a4 49. Qa7 a3 50. Qxa3
Ke5 51. Qd3 Kf6 52. Re8 Kg7 53. Qf5 f6 54. Re7+ Kg8 55. Qc8# { Black
checkmated } 1-0

[Event "ICC tourney 2109 (75 10)"]
[Site "Internet Chess Club"]
[Date "2020.11.08"]
[Round "6"]
[White "Arsalchess"]
[Black "greenninja"]
[Result "0-1"]
[ICCResult "White resigns"]
[WhiteElo "1900"]
[BlackElo "1998"]
[Opening "Sicilian: Najdorf"]
[ECO "B90"]
[NIC "SI.14"]
[Time "14:32:49"]
[PlyCount "108"]
[TimeControl "4500+10"]

1. e4 c5 2. Nf3 d6 3. d4 cxd4 4. Nxd4 Nf6 5. Nc3 a6 6. f3 e5 7. Nb3 Be6 8.
Be3 Nbd7 9. Qd2 b5 10. O-O-O Be7 11. Kb1 O-O 12. g4 Nb6 13. Qf2 Nfd7 14. h4
Qc7 15. g5 b4 16. Nd5 Bxd5 17. exd5 a5 18. Bb5 a4 19. Nc1 Nc4 20. Bxc4 Qxc4
21. b3 Qa6 22. h5 Rfc8 23. g6 Bf6 24. gxh7+ Kxh7 25. Rhg1 axb3 26. cxb3 Nc5
27. Bg5 Bxg5 28. Rxg5 Rg8 29. Qc2+ Kh8 30. Rdg1 Qc8 31. f4 exf4 32. h6 g6
33. Qb2+ Kh7 34. Qf6 Qd7 35. Re1 Rae8 36. Rxe8 Qxe8 37. Qxf4 Qe4+ 38. Qxe4
Nxe4 39. Rg4 f5 40. Rh4 g5 41. Rh2 g4 42. Ne2 g3 43. Rg2 Kxh6 44. Kc2 Kh5
45. Kd3 Kh4 46. Ke3 Kg4 47. Rg1 Rc8 48. Rf1 Rc2 49. Nd4 Rc3+ 50. Ke2 f4 51.
Nb5 Re3+ 52. Kd1 g2 53. Rg1 f3 54. Nd4 Rd3+ { White resigns } 0-1

[Event "ICC tourney 2109 (75 10)"]
[Site "Internet Chess Club"]
[Date "2020.11.08"]
[Round "6"]
[White "BadWolf"]
[Black "TacticalVM"]
[Result "0-1"]
[ICCResult "White resigns"]
[WhiteElo "1935"]
[BlackElo "1713"]
[Opening "Benoni defense"]
[ECO "A56"]
[NIC "OI.06"]
[Time "14:33:09"]
[PlyCount "132"]
[TimeControl "4500+10"]

1. d4 Nf6 2. c4 c5 3. e3 e6 4. Nf3 d5 5. Nc3 Nc6 6. Be2 dxc4 7. Bxc4 cxd4
8. exd4 Bb4 9. O-O O-O 10. Bg5 Bxc3 11. bxc3 a6 12. Bb3 b5 13. Qd3 Bb7 14.
Bc2 g6 15. Rfe1 Kg7 16. Qd2 Re8 17. Qf4 Nh5 18. Qe3 f6 19. g4 fxg5 20. gxh5
h6 21. hxg6 Qf6 22. Ne5 Nxe5 23. Qxe5 Qxe5 24. Rxe5 Rac8 25. Rae1 Rxc3 26.
Bf5 Bc6 27. d5 exf5 28. Rxe8 Bxe8 29. Rxe8 Rd3 30. Re6 Rxd5 31. Rxa6 f4 32.
Kg2 g4 33. Ra5 h5 34. a4 h4 35. Kf1 f3 36. Ke1 Re5+ 37. Kf1 Rc5 38. Ke1
Rc1+ 39. Kd2 g3 40. hxg3 hxg3 41. fxg3 f2 42. Kxc1 f1=Q+ 43. Kc2 Qf2+ 44.
Kb3 Qe3+ 45. Kb4 Qxg3 46. Rxb5 Kxg6 47. Rc5 Kf6 48. a5 Ke6 49. a6 Kd6 50.
Rc3 Qf4+ 51. Rc4 Qd2+ 52. Kb3 Qd5 53. Kb4 Qd2+ 54. Kb3 Qd3+ 55. Kb4 Qb1+
56. Kc3 Qa1+ 57. Kb4 Qxa6 58. Rc3 Kd5 59. Kb3 Kd4 60. Rc2 Qb5+ 61. Ka3 Kd3
62. Rb2 Qa5+ 63. Kb3 Qa1 64. Ra2 Qc1 65. Ra3 Qb1+ 66. Ka4+ Kc4 { White
resigns } 0-1

[Event "ICC tourney 2109 (75 10)"]
[Site "Internet Chess Club"]
[Date "2020.11.08"]
[Round "6"]
[White "vishalanil"]
[Black "chesslin"]
[Result "1-0"]
[ICCResult "Black resigns"]
[WhiteElo "1861"]
[BlackElo "1818"]
[Opening "Robatsch (modern) defense"]
[ECO "B06"]
[NIC "KF.05"]
[Time "14:31:54"]
[PlyCount "83"]
[TimeControl "4500+10"]

1. e4 g6 2. d4 Bg7 3. c4 d6 4. Be3 Nf6 5. f3 Nc6 6. Nc3 e5 7. d5 Ne7 8. b4
a5 9. a3 Nd7 10. c5 b6 11. cxd6 cxd6 12. Nb5 Nb8 13. Rc1 Na6 14. Nc7+ Nxc7
15. Bxb6 axb4 16. axb4 O-O 17. Bxc7 Qd7 18. Ba5 Ra7 19. Bd3 f5 20. Ne2 fxe4
21. Bxe4 Bh6 22. Rc2 Rxa5 23. bxa5 Qa7 24. Qa1 Ba6 25. Qa3 Rb8 26. Rc3 Rd8
27. h4 Nf5 28. g4 Nd4 29. Nxd4 exd4 30. Rc6 Bf4 31. Rb6 Rc8 32. Rc6 Rxc6
33. dxc6 d3 34. Qb3+ Kf8 35. Qb6 d2+ 36. Kd1 Qf7 37. Qd8+ Kg7 38. Qd7 h6
39. Bd5 Qxd7 40. cxd7 Bb5 41. d8=Q Ba4+ 42. Ke2 { Black resigns } 1-0

[Event "ICC tourney 2109 (75 10)"]
[Site "Internet Chess Club"]
[Date "2020.11.08"]
[Round "6"]
[White "bonnelleo1"]
[Black "hpu2005"]
[Result "0-1"]
[ICCResult "White checkmated"]
[WhiteElo "1880"]
[BlackElo "1974"]
[Opening "Queen's pawn, Mason variation"]
[ECO "D00"]
[NIC "QP.08"]
[Time "14:32:32"]
[PlyCount "102"]
[TimeControl "4500+10"]

1. d4 d5 2. Bf4 Nf6 3. e3 e6 4. Bd3 Bd6 5. Ne2 O-O 6. c3 b6 7. O-O c5 8.
Nd2 Bb7 9. a4 Nc6 10. Bxd6 Qxd6 11. Nf3 Rad8 12. Ng3 g6 13. Re1 Qc7 14. Rc1
c4 15. Bc2 Rfe8 16. e4 e5 17. exd5 Nxd5 18. Qe2 exd4 19. Qxe8+ Rxe8 20.
Rxe8+ Kg7 21. Nxd4 Nxd4 22. cxd4 Ne7 23. Be4 Bxe4 24. Nxe4 Qd7 25. Rb8 Qxd4
26. Re1 Qxb2 27. Rb7 Nf5 28. Rc7 Qb4 29. Rc1 Qxa4 30. R7xc4 Qa3 31. R4c3
Qe7 32. Ng3 Nxg3 33. hxg3 b5 34. Rc7 Qa3 35. R1c3 Qa1+ 36. Rc1 Qa4 37. Rb7
a5 38. Rcc7 Qd1+ 39. Kh2 Qd5 40. Rd7 Qf5 41. f3 b4 42. g4 Qf4+ 43. Kh3 a4
44. Re7 a3 45. Re4 Qh6+ 46. Kg3 a2 47. Ree7 a1=Q 48. Rxf7+ Kg8 49. Rfe7 Qa8
50. Rxb4 g5 51. Reb7 Qh4# { White checkmated } 0-1

[Event "ICC tourney 2109 (75 10)"]
[Site "Internet Chess Club"]
[Date "2020.11.08"]
[Round "6"]
[White "HarleyQueen8"]
[Black "canary2016"]
[Result "1/2-1/2"]
[ICCResult "Game drawn by mutual agreement"]
[WhiteElo "1887"]
[BlackElo "1918"]
[Opening "QGD: Cambridge Springs defense, Rubinstein variation"]
[ECO "D52"]
[NIC "QO.15"]
[Time "14:31:57"]
[PlyCount "89"]
[TimeControl "4500+10"]

1. d4 d5 2. c4 c6 3. Nf3 Nf6 4. Nc3 e6 5. Bg5 Nbd7 6. e3 Qa5 7. Nd2 dxc4 8.
Bxf6 Nxf6 9. Nxc4 Qc7 10. Bd3 Be7 11. O-O O-O 12. Rc1 c5 13. dxc5 Bxc5 14.
Ne4 Nxe4 15. Bxe4 Rd8 16. Qc2 f5 17. Bf3 Qe7 18. a3 Rb8 19. b4 Bd6 20. Nxd6
Rxd6 21. Qc5 b6 22. Qc7 Qxc7 23. Rxc7 Rd7 24. Rfc1 Rxc7 25. Rxc7 Ba6 26.
Rxa7 Rc8 27. Ra8 Kf7 28. Rxc8 Bxc8 29. Kf1 Ke7 30. Ke2 Ba6+ 31. Kd2 e5 32.
Be2 Bb7 33. g3 Kd6 34. Bc4 Bc6 35. Kc3 b5 36. Bb3 g5 37. Bc2 Bd7 38. Kb2
Kd5 39. Kb3 h6 40. Bd3 f4 41. exf4 exf4 42. Kc3 fxg3 43. fxg3 Be8 44. Bc2
Bd7 45. Bd3 { Game drawn by mutual agreement } 1/2-1/2